 Dungeon Crawl Stone Soup version 0.28-a0-1182-g381e24db82 (webtiles) character file.

Game seed: 1121538352507368109

315 RepHenryClay the Covert (level 6, -3/53 HPs)
             Began as a Gnoll Delver on Dec 16, 2021.
             Was an Initiate of Makhleb.
             Slain by an ogre (19 damage)
             ... on level 4 of the Dungeon.
             The game lasted 00:07:32 (4125 turns).

RepHenryClay the Covert (Gnoll Delver)              Turns: 4125, Time: 00:07:32

Health: -3/53      AC:  8    Str: 13    XL:     6   Next: 43%
Magic:  9/9        EV: 10    Int: 10    God:    Makhleb [......]
Gold:   178        SH:  0    Dex: 13    Spells: 9/9 levels left

rFire   . . .      SeeInvis .   a - +0 mace
rCold   . . .      Faith    .   (no shield)
rNeg    . . .      Spirit   .   w - +0 scale mail
rPois   .          Reflect  .   q - +0 helmet
rElec   .          Harm     .   (no cloak)
rCorr   .          Rampage  .   (no gloves)
Will    .....                   m - +0 pair of boots
Stlth   +++.......              (no amulet)
HPRegen 0.17/turn               (no ring)
MPRegen 0.11/turn               (no ring)

@: no status effects
A: fangs 1, strong nose, distributed training
a: Renounce Religion


You were on level 4 of the Dungeon.
You worshipped Makhleb.
Makhleb was noncommittal.
You visited 1 branch of the dungeon, and saw 5 of its levels.

You collected 178 gold pieces.

Inventory:

Hand Weapons
 a - a +0 mace (weapon)
Missiles
 u - 8 poisoned darts (quivered)
Armour
 m - a +0 pair of boots (worn)
 q - a +0 helmet (worn)
 w - a +0 scale mail (worn)
Wands
 g - a wand of digging (3)
Scrolls
 b - a scroll of enchant weapon {unknown}
 c - a scroll of fog
 d - a scroll of teleportation
 e - 2 scrolls of fear
 j - a scroll of blinking {unknown}
 k - a scroll of silence {unknown}
 r - a scroll of immolation {unknown}
 s - 4 scrolls of identify {unknown}
 t - 2 scrolls of noise {unknown}
 v - a scroll of brand weapon {unknown}
Potions
 f - a potion of haste
 h - 2 potions of cancellation
 i - a potion of brilliance {unknown}
 l - a potion of berserk rage {unknown}
 n - a potion of resistance {unknown}
 o - a potion of degeneration {unknown}
 p - a potion of heal wounds {unknown}
 x - a potion of attraction {unknown}


   Skills:
 + Level 6.8 Fighting
 + Level 2.0 Short Blades
 + Level 2.0 Long Blades
 + Level 2.0 Axes
 + Level 5.0 Maces & Flails
 + Level 2.0 Polearms
 + Level 2.0 Staves
 + Level 2.0 Slings
 + Level 2.0 Bows
 + Level 2.0 Crossbows
 + Level 2.0 Throwing
 + Level 2.0 Armour
 + Level 5.0 Dodging
 + Level 9.8 Stealth
 + Level 2.0 Shields
 + Level 2.0 Unarmed Combat
 + Level 2.0 Spellcasting
 + Level 1.5 Conjurations
 + Level 1.5 Hexes
 + Level 1.5 Summonings
 + Level 1.5 Necromancy
 + Level 1.5 Translocations
 + Level 1.5 Transmutations
 + Level 1.5 Fire Magic
 + Level 1.5 Ice Magic
 + Level 1.5 Air Magic
 + Level 1.5 Earth Magic
 + Level 1.5 Poison Magic
 + Level 2.1 Invocations
 + Level 2.0 Evocations


You had 9 spell levels left.
You didn't know any spells.
Your spell library contained the following spells:

 Spells                   Type           Power      Damage    Failure   Level
 Magic Dart               Conj           16%        1d3       61%         1
 Sandblast                Erth           8%         2d5       61%         1
 Passwall                 Tmut/Erth      3%         N/A       75%         2
 Searing Ray              Conj           8%         2d4       75%         2
 Stone Arrow              Conj/Erth      8%         3d7       93%         3
 Fulminant Prism          Conj/Hex       2%         3d6       100%        4


Dungeon Overview and Level Annotations

Branches:
Dungeon (5/15)
 Temple: D:4-7

Altars:
Cheibriados
Dithmenos
Makhleb
Uskayaw
Wu Jian


Innate Abilities, Weirdness & Mutations

You have very sharp teeth.
Your uncanny sense of smell can sniff out nearby items.
Your experience applies equally to all skills.


Message History

You throw a poisoned dart. The poisoned dart hits the ogre.
The ogre looks even sicker.
The ogre is lightly wounded.
Throw: 10 darts (poison)
Press: ? - help, Q - select action Shift-Dir - straight line, f/p - ogre
Aim: an ogre, wielding a +0 giant spiked club (lightly wounded, very poisoned, 76% to hit)
You throw a poisoned dart. The poisoned dart hits the ogre.
The ogre looks even sicker.
The ogre is lightly wounded.
You start waiting.
An ogre is nearby!
Throw: 9 darts (poison)
Press: ? - help, Q - select action Shift-Dir - straight line, f/p - ogre
Aim: an ogre, wielding a +0 giant spiked club (lightly wounded, very poisoned, 76% to hit)
You throw a poisoned dart. The poisoned dart hits the ogre.
The ogre looks as sick as possible!
The ogre is lightly wounded.
You hit the ogre.
The ogre is heavily wounded.
The ogre hits you with a +0 giant spiked club!
Huge Dmg: -24%(-13hp) hp: 76%(40hp)
You barely miss the ogre.
The ogre is heavily wounded.
The ogre hits you with a +0 giant spiked club!
Huge Dmg: -23%(-12hp) hp: 53%(28hp)
You barely miss the ogre.
The ogre is heavily wounded.
The ogre barely misses you.
You hit the ogre.
The ogre is severely wounded.
The ogre hits you with a +0 giant spiked club!
* * * LOW HITPOINT WARNING * * *
Huge Dmg: -30%(-16hp) hp: 23%(12hp)
There is a stone staircase leading up here.
The ogre looks more healthy.
Unknown command.
Unknown command.
It was a potion of cancellation.
You feel magically purged.
The ogre hits you with a +0 giant spiked club!!
You die...

#.#.# #.#.# *,**
#>#.# #.#.# *,*
#.#.#######.#.## *,*
#.#..r<..##....# *,*
#.######.##....###*,*
#.# #r##......##,*
#.# #.##.###...#,*
#.######..).....#...#
#...@Or..##.###...###
########.##.# *#.## *
#.##.# *.# * #.##.#
*.# * #.##.# *,* **
#.##.# *,****, #.##.#
*,*,,,,
#.#*,****,*,***
*,*,,,,,,,,,*


You could see an ogre and a quokka.

Vanquished Creatures
  An ogre (D:4)
  An orc priest (D:3)
  A hound (D:4)
  Jessica (D:2)
  A howler monkey skeleton (D:3)
  3 adders
  An ufetubus (D:4)
  2 adder skeletons (D:4)
  A worm (D:4)
  A dart slug (D:4)
  10 orcs
  6 ball pythons
  8 endoplasms
  A giant cockroach (D:3)
  9 goblins
  6 hobgoblins
  7 jackals
  4 quokkas
  5 bats
  4 frilled lizards
  6 kobolds
  4 rats
83 creatures vanquished.

Vanquished Creatures (others)
  3 withered plants (D:5)
3 creatures vanquished.

Grand Total: 86 creatures vanquished

Notes
Turn   | Place    | Note
-------+----------+-------------------------------------------
     0 | D:5      | Reached skill level 9 in Stealth
     0 | D:5      | RepHenryClay the Gnoll Delver began the quest for the Orb.
     0 | D:5      | Reached XP level 1. HP: 23/23 MP: 1/1
    14 | D:5      | Noticed a sky beast
    72 | D:4      | Noticed an ogre
   103 | D:3      | Reached XP level 2. HP: 29/29 MP: 2/2
   105 | D:3      | Found a shadowy altar of Dithmenos.
   145 | D:3      | Reached XP level 3. HP: 35/35 MP: 3/3
   378 | D:1      | Reached skill level 1 in Invocations
   717 | D:1      | Reached skill level 1 in Short Blades
   717 | D:1      | Reached skill level 1 in Long Blades
   717 | D:1      | Reached skill level 1 in Axes
   717 | D:1      | Reached skill level 1 in Polearms
   717 | D:1      | Reached skill level 1 in Staves
   717 | D:1      | Reached skill level 1 in Slings
   717 | D:1      | Reached skill level 1 in Bows
   717 | D:1      | Reached skill level 1 in Crossbows
   717 | D:1      | Reached skill level 1 in Throwing
   717 | D:1      | Reached skill level 1 in Armour
   717 | D:1      | Reached skill level 1 in Shields
   717 | D:1      | Reached skill level 1 in Unarmed Combat
   717 | D:1      | Reached skill level 1 in Spellcasting
   717 | D:1      | Reached skill level 1 in Evocations
  1321 | D:2      | Reached XP level 4. HP: 41/41 MP: 5/5
  1483 | D:2      | Noticed Jessica
  1491 | D:2      | Killed Jessica
  1492 | D:2      | Reached skill level 1 in Conjurations
  1492 | D:2      | Reached skill level 1 in Hexes
  1492 | D:2      | Reached skill level 1 in Summonings
  1492 | D:2      | Reached skill level 1 in Necromancy
  1492 | D:2      | Reached skill level 1 in Translocations
  1492 | D:2      | Reached skill level 1 in Transmutations
  1492 | D:2      | Reached skill level 1 in Fire Magic
  1492 | D:2      | Reached skill level 1 in Ice Magic
  1492 | D:2      | Reached skill level 1 in Air Magic
  1492 | D:2      | Reached skill level 1 in Earth Magic
  1492 | D:2      | Reached skill level 1 in Poison Magic
  1657 | D:2      | Found a faded altar of an unknown god.
  2142 | D:3      | Found a snail-covered altar of Cheibriados.
  2291 | D:3      | Reached XP level 5. HP: 43/47 MP: 5/7
  2739 | D:3      | Found a hide-covered altar of Uskayaw.
  2795 | D:3      | Found a burning altar of Makhleb.
  2796 | D:3      | Found an ornate altar of the Wu Jian Council.
  2932 | D:3      | Became a worshipper of Makhleb the Destroyer
  3616 | D:4      | Noticed an ogre
  3623 | D:4      | Killed an ogre
  3624 | D:4      | Reached XP level 6. HP: 28/53 MP: 8/8
  3772 | D:3      | Reached skill level 5 in Maces & Flails
  3772 | D:3      | Reached skill level 5 in Dodging
  4125 | D:4      | Slain by an ogre

Illustrated notes

Levels and vault maps discovered:
D:1:      giann_horns, layout_basic, minmay_misc_feat_x,
          minmay_misc_feat_encased, minivault_14, kennysheep_another_room
D:2:      layout_rooms, hellmonk_ecumenical_altar_dog_temple, uniq_jessica
D:3:      layout_rooms, mainiacjoe_overflow_divided_tiny,
          grunt_dithmenos_smoke_and_mirrors, mainiacjoe_overflow_tiny_flanked,
          general_overflow_altar, mrwooster_statue_mirror,
          kennysheep_generic_room_9
D:4:      layout_loops_ring, cheibrodos_sewer_entry_sluice, minmay_ogre_servants
D:5:      layout_rooms, kiku_gazebo_garden_becter

Skill      XL: |  1  2  3  4  5  6 |
---------------+-------------------+-----
Stealth        | |  9.8
Invocations    | 1 2 |  2.1
Short Blades   | 1 2 |  2.0
Long Blades    | 1 2 |  2.0
Axes           | 1 2 |  2.0
Polearms       | 1 2 |  2.0
Staves         | 1 2 |  2.0
Slings         | 1 2 |  2.0
Bows           | 1 2 |  2.0
Crossbows      | 1 2 |  2.0
Throwing       | 1 2 |  2.0
Armour         | 1 2 |  2.0
Shields        | 1 2 |  2.0
Unarmed Combat | 1 2 |  2.0
Spellcasting   | 1 2 |  2.0
Evocations     | 1 2 |  2.0
Conjurations   | 1 |  1.5
Hexes          | 1 |  1.5
Summonings     | 1 |  1.5
Necromancy     | 1 |  1.5
Translocations | 1 |  1.5
Transmutations | 1 |  1.5
Fire Magic     | 1 |  1.5
Ice Magic      | 1 |  1.5
Air Magic      | 1 |  1.5
Earth Magic    | 1 |  1.5
Poison Magic   | 1 |  1.5
Maces & Flails | 5 |  5.0
Dodging        | 5 |  5.0
Fighting       | |  6.8

Action                   |  1- 3 |  4- 6 || total
-------------------------+-------+-------++-------
Melee: Mace              |    84 |   199 ||   283
       Bite              |     8 |    20 ||    28
       Punch             |       |     3 ||     3
Throw: Dart              |       |    15 ||    15
  Use: Scroll            |     2 |       ||     2
       Potion            |       |     1 ||     1
 Stab: Sleeping          |    11 |     7 ||    18
       Distracted        |       |     1 ||     1
Armor: Leather armour    |    10 |       ||    10
       Ring mail         |    18 |    47 ||    65
       Scale mail        |       |    29 ||    29
Dodge: Dodged            |    76 |   118 ||   194

Table legend: (Time is in decaauts)
 A = Elapsed time spent in this place.
 B = Non-inter-level travel time spent in this place.
 C = Inter-level travel time spent in this place.
 D = Time resting spent in this place.
 E = Time spent auto-exploring this place.
 F = Levels seen in this place.
 G = Mean time per level.
                   A        B        C        D        E       F      G
               +--------+--------+--------+--------+--------+-----+--------+
         Total |   4177 |   3858 |    319 |    701 |   2069 |   5 |  835.4 |
       Dungeon |   4177 |   3858 |    319 |    701 |   2069 |   5 |  835.4 |
               +--------+--------+--------+--------+--------+-----+--------+

Top non-repeatable levels by time:
     D:3: 1415 daAuts
     D:1: 1038 daAuts
     D:2: 920 daAuts
     D:4: 756 daAuts
     D:5: 47 daAuts
